PBL
KELOWNA HEAT @ HOUSTON COLT .45'S
08/24/2044
 
TOP OF THE 1ST
Kelowna Heat batting - Pitching for Houston Colt .45's : RHP Mike Wirick
Pitching: RHP Mike Wirick
Batting: RHB Miguel Gonzalez 0-0: Ball
1-0: Ball
2-0: Called Strike
2-1: Foul Ball, location: 2F
2-2: Foul Ball, location: 2F
2-2: Strikes out swinging
Batting: RHB Sadataka Kuwahara 0-0: Called Strike
0-1: Ball
1-1: Fly out, F7 (Flyball, 78S, EV 83.1 MPH)
Batting: LHB Chris West 0-0: Fly out, F9 (Line Drive, 9, EV 92.5 MPH)
Top of the 1st over - 0 runs, 0 hits, 0 errors, 0 left on base; Kelowna 0 - Houston 0
BOTTOM OF THE 1ST
Houston Colt .45's batting - Pitching for Kelowna Heat : RHP George Kellum
Pitching: RHP George Kellum
Batting: RHB Jarno van Lente 0-0: Fly out, F8 (Flyball, 8RM, EV 88.1 MPH)
Batting: LHB Bob Dietz 0-0: SINGLE (Flyball, 34D, EV 86.9 MPH)
Batting: RHB Bobby Dunn 0-0: Called Strike
0-1: Ball
1-1: Swinging Strike
1-2: Foul Ball, location: 2F
1-2: Strikes out looking
Batting: RHB Juan Mendoza 0-0: Ball
Wild Pitch!
Bob Dietz to second
1-0: Called Strike
1-1: Foul Ball, location: 2F
1-2: Strikes out swinging
Bottom of the 1st over - 0 runs, 1 hit, 0 errors, 1 left on base; Kelowna 0 - Houston 0
TOP OF THE 2ND
Kelowna Heat batting - Pitching for Houston Colt .45's : RHP Mike Wirick
Batting: RHB Billy Pranger 0-0: Ball
1-0: Ball
2-0: Fly out, F6 (Flyball, 5D, EV 90.0 MPH)
Batting: LHB Steve Nevis 0-0: Ball
1-0: Fly out, F2 (Popup, 2L, EV 96.9 MPH)
Batting: RHB Malik Sharpless 0-0: Ball
1-0: Called Strike
1-1: Foul Ball, location: 2F
1-2: Ball
2-2: Ball
3-2: Ground out 4-3 (Groundball, 34, EV 108.1 MPH)
Top of the 2nd over - 0 runs, 0 hits, 0 errors, 0 left on base; Kelowna 0 - Houston 0
BOTTOM OF THE 2ND
Houston Colt .45's batting - Pitching for Kelowna Heat : RHP George Kellum
Batting: RHB Nate Britton 0-0: Ball
1-0: Foul Ball, location: 2F
1-1: Ground out 4-3 (Groundball, 4, EV 107.5 MPH)
Batting: RHB Jason Monico 0-0: Ball
1-0: Ball
2-0: Called Strike
2-1: Swinging Strike
2-2: Ground out 6-3 (Groundball, 6S, EV 76.9 MPH)
Batting: RHB To-wai Chen 0-0: Called Strike
0-1: Foul Ball, location: 2F
0-2: Ball
1-2: Ground out 4-3 (Groundball, 4M, EV 97.5 MPH)
Bottom of the 2nd over - 0 runs, 0 hits, 0 errors, 0 left on base; Kelowna 0 - Houston 0
TOP OF THE 3RD
Kelowna Heat batting - Pitching for Houston Colt .45's : RHP Mike Wirick
Batting: LHB Takaaki Nishimoto 0-0: Foul Ball, location: 2F
0-1: Ball
1-1: Ball
2-1: Foul Ball, location: 2F
2-2: Strikes out looking
Batting: RHB Josh Truell 0-0: Fly out, F7 (Flyball, 7LM, EV 96.9 MPH)
Batting: RHB Dave Putnam 0-0: Foul Ball, location: 2F
0-1: Called Strike
0-2: Ground out 6-3 (Groundball, 6, EV 88.1 MPH)
Top of the 3rd over - 0 runs, 0 hits, 0 errors, 0 left on base; Kelowna 0 - Houston 0
BOTTOM OF THE 3RD
Houston Colt .45's batting - Pitching for Kelowna Heat : RHP George Kellum
Batting: SHB Miguel Sierra 0-0: Called Strike
0-1: Ball
1-1: Called Strike
1-2: Foul Ball, location: 2F
1-2: Foul Ball, location: 2F
1-2: SINGLE (Groundball, 56S, EV 71.3 MPH) (infield hit)
Batting: RHB Russ Greer 0-0: Called Strike
0-1: Ball
1-1: Foul Ball, location: 2F
1-2: DOUBLE (Flyball, 8RD, EV 103.1 MPH)
Miguel Sierra to third
Batting: RHB Jarno van Lente 0-0: Ball
1-0: Fly out, F8 (Flyball, 8RM, EV 83.1 MPH)
Runner from 3rd tags up, SCORES, no throw by CF
Batting: LHB Bob Dietz 0-0: Ball
1-0: Foul Ball, location: 2F
1-1: Ground out U3 (Groundball, 3S, EV 64.4 MPH)
Russ Greer to third
Batting: RHB Bobby Dunn 0-0: Called Strike
0-1: Swinging Strike
0-2: Ball
1-2: Ball
2-2: Ball
3-2: Foul Ball, location: 2F
3-2: Foul Ball, location: 2F
3-2: Foul Ball, location: 2F
3-2: Base on Balls
Batting: RHB Juan Mendoza 0-0: Ball
1-0: 3-RUN HOME RUN (Flyball, 78XD, EV 100.0 MPH), Distance : 411 ft
Batting: RHB Nate Britton 0-0: Ball
1-0: Foul Ball, location: 2F
1-1: Foul Ball, location: 2F
1-2: Ball
2-2: Ball
3-2: Fly out, F7 (Flyball, 7LS, EV 79.4 MPH)
Bottom of the 3rd over - 4 runs, 3 hits, 0 errors, 0 left on base; Kelowna 0 - Houston 4
TOP OF THE 4TH
Kelowna Heat batting - Pitching for Houston Colt .45's : RHP Mike Wirick
Batting: RHB Miguel Gonzalez 0-0: Called Strike
0-1: Ball
1-1: Swinging Strike
1-2: Ball
2-2: Strikes out swinging
Batting: RHB Sadataka Kuwahara 0-0: Ball
1-0: Swinging Strike
1-1: Swinging Strike
1-2: Ball
2-2: Fly out, F3 (Line Drive, 3, EV 68.1 MPH)
Batting: LHB Chris West 0-0: Ball
1-0: Ball
2-0: Ground out 4-3 (Groundball, 4M, EV 80.0 MPH)
Top of the 4th over - 0 runs, 0 hits, 0 errors, 0 left on base; Kelowna 0 - Houston 4
BOTTOM OF THE 4TH
Houston Colt .45's batting - Pitching for Kelowna Heat : RHP George Kellum
Batting: RHB Jason Monico 0-0: Swinging Strike
0-1: Ground out 1-3 (Groundball, 15S, EV 67.5 MPH)
Batting: RHB To-wai Chen 0-0: Ball
1-0: Ground out 6-3 (Groundball, 6, EV 79.4 MPH)
Batting: SHB Miguel Sierra 0-0: Called Strike
0-1: Swinging Strike
0-2: Foul Ball, location: 2F
0-2: Ball
1-2: Ball
2-2: Foul Ball, location: 2F
2-2: Strikes out swinging
Bottom of the 4th over - 0 runs, 0 hits, 0 errors, 0 left on base; Kelowna 0 - Houston 4
TOP OF THE 5TH
Kelowna Heat batting - Pitching for Houston Colt .45's : RHP Mike Wirick
Batting: RHB Billy Pranger 0-0: Called Strike
0-1: Ball
1-1: SINGLE (Groundball, 6M, EV 105.0 MPH)
Batting: LHB Steve Nevis 0-0: Called Strike
0-1: Ball
Wild Pitch!
Billy Pranger to second
1-1: Ball
2-1: Fly out, F7 (Flyball, 78S, EV 92.5 MPH)
Batting: RHB Malik Sharpless 0-0: Ball
1-0: Ball
2-0: Foul Ball, location: 2F
2-1: Foul Ball, location: 2F
2-2: DOUBLE (Flyball, 8LD, EV 96.9 MPH)
Billy Pranger scores
Batting: LHB Takaaki Nishimoto 0-0: Fly out, F7 (Flyball, 7LM, EV 96.3 MPH)
Batting: RHB Josh Truell 0-0: Called Strike
0-1: Foul Ball, location: 2F
0-2: Ball
1-2: SINGLE (Line Drive, 34, EV 97.5 MPH)
Malik Sharpless to third
Runner from 3rd tries for Home, SAFE, throw by RF to home
Batting: RHB Dave Putnam 0-0: Ball
1-0: Called Strike
1-1: Swinging Strike
1-2: Fly out, F9 (Flyball, 9D, EV 92.5 MPH)
Top of the 5th over - 2 runs, 3 hits, 0 errors, 1 left on base; Kelowna 2 - Houston 4
BOTTOM OF THE 5TH
Houston Colt .45's batting - Pitching for Kelowna Heat : RHP George Kellum
Batting: RHB Russ Greer 0-0: Called Strike
0-1: Ball
1-1: Foul Ball, location: 2F
1-2: Strikes out swinging
Batting: RHB Jarno van Lente 0-0: Called Strike
0-1: Called Strike
0-2: Ball
1-2: Foul Ball, location: 2F
1-2: Strikes out swinging
Batting: LHB Bob Dietz 0-0: Swinging Strike
0-1: Foul Ball, location: 2F
0-2: Strikes out swinging
Bottom of the 5th over - 0 runs, 0 hits, 0 errors, 0 left on base; Kelowna 2 - Houston 4
TOP OF THE 6TH
Kelowna Heat batting - Pitching for Houston Colt .45's : RHP Mike Wirick
Batting: RHB Miguel Gonzalez 0-0: Fly out, F1 (Line Drive, P, EV 71.9 MPH)
Batting: RHB Sadataka Kuwahara 0-0: Ball
1-0: Called Strike
1-1: Ball
2-1: DOUBLE (Line Drive, 9LS, EV 113.8 MPH)
Batting: LHB Chris West 0-0: Ball
1-0: Called Strike
1-1: Foul Ball, location: 2F
1-2: Strikes out looking
Batting: RHB Billy Pranger 0-0: Ball
1-0: Ball
2-0: Foul Ball, location: 2F
2-1: SINGLE (Line Drive, 4D, EV 98.1 MPH)
Sadataka Kuwahara to third
Runner from 3rd tries for Home, SAFE, throw by RF to home
Billy Pranger to second
Batting: LHB Steve Nevis 0-0: Called Strike
0-1: Ball
1-1: Reached on error, E1 (Groundball, 34S, EV 65.6 MPH)
Billy Pranger to third
Batting: RHB Malik Sharpless 0-0: Called Strike
0-1: Reached on error, E5 (Groundball, 56, EV 88.1 MPH)
Billy Pranger scores
Steve Nevis to second
Batting: LHB Takaaki Nishimoto 0-0: Ball
1-0: Foul Ball, location: 2F
1-1: Ball
2-1: Foul Ball, location: 2F
2-2: Ball
3-2: Base on Balls
Steve Nevis to third
Malik Sharpless to second
Batting: RHB Josh Truell 0-0: Ball
1-0: Foul Ball, location: 2F
1-1: Ball
2-1: Ball
3-1: Fielders Choice at 2nd, 6-4 (Groundball, 6, EV 85.0 MPH)
Top of the 6th over - 2 runs, 2 hits, 2 errors, 3 left on base; Kelowna 4 - Houston 4
BOTTOM OF THE 6TH
Houston Colt .45's batting - Pitching for Kelowna Heat : RHP George Kellum
Batting: RHB Bobby Dunn 0-0: Called Strike
0-1: Fly out, F9 (Flyball, 89M, EV 89.4 MPH)
Pitching: RHP Ricky Fo
Batting: RHB Juan Mendoza 0-0: Foul Ball, location: 2F
0-1: Ball
1-1: Ball
2-1: Fly out, F9 (Flyball, 9D, EV 106.3 MPH)
Batting: RHB Nate Britton 0-0: Fly out, F6 (Popup, 6, EV 57.5 MPH)
Bottom of the 6th over - 0 runs, 0 hits, 0 errors, 0 left on base; Kelowna 4 - Houston 4
TOP OF THE 7TH
Kelowna Heat batting - Pitching for Houston Colt .45's : RHP Mike Wirick
Batting: RHB Dave Putnam 0-0: Ball
1-0: Fly out, F7 (Flyball, 7, EV 93.1 MPH)
Batting: RHB Miguel Gonzalez 0-0: Ball
1-0: Ball
2-0: Ball
3-0: Base on Balls
Batting: RHB Sadataka Kuwahara 0-0: Ball
1-0: Fielders Choice at 2nd, 4-6 (Groundball, 34D, EV 84.4 MPH)
Batting: LHB Chris West 0-0: Ball
1-0: Ball
2-0: Ball
3-0: Called Strike
3-1: Base on Balls
Sadataka Kuwahara to second
Pitching: RHP Tim Watson
Batting: RHB Billy Pranger 0-0: Ball
1-0: Ball
2-0: Fielders Choice at 2nd, 5-4 (Groundball, 56, EV 81.9 MPH)
Top of the 7th over - 0 runs, 0 hits, 0 errors, 2 left on base; Kelowna 4 - Houston 4
BOTTOM OF THE 7TH
Houston Colt .45's batting - Pitching for Kelowna Heat : RHP Ricky Fo
Batting: RHB Jason Monico 0-0: Ball
1-0: Ball
2-0: Ball
3-0: Called Strike
3-1: Foul Ball, location: 2F
3-2: Foul Ball, location: 2F
3-2: Foul Ball, location: 2F
3-2: Foul Ball, location: 2F
3-2: Ground out 5-3 (Groundball, 56S, EV 72.5 MPH)
Batting: RHB To-wai Chen 0-0: Ball
1-0: Called Strike
1-1: Ball
2-1: Ball
3-1: Foul Ball, location: 2F
3-2: SOLO HOME RUN (Flyball, 7D, EV 100.0 MPH), Distance : 387 ft
Batting: SHB Miguel Sierra 0-0: Called Strike
0-1: Fly out, F7 (Flyball, 7S, EV 95.6 MPH)
Batting: RHB Russ Greer 0-0: Ball
1-0: Swinging Strike
1-1: Foul Ball, location: 2F
1-2: Strikes out swinging
Bottom of the 7th over - 1 run, 1 hit, 0 errors, 0 left on base; Kelowna 4 - Houston 5
TOP OF THE 8TH
Kelowna Heat batting - Pitching for Houston Colt .45's : RHP Tim Watson
Batting: LHB Steve Nevis 0-0: Ball
1-0: Ball
2-0: Ball
3-0: Called Strike
3-1: Called Strike
3-2: Strikes out swinging
Batting: RHB Malik Sharpless 0-0: Ground out 6-3 (Groundball, 56, EV 90.0 MPH)
Batting: LHB Takaaki Nishimoto 0-0: Called Strike
0-1: SINGLE (Line Drive, 78S, EV 94.4 MPH)
Batting: RHB Josh Truell 0-0: Called Strike
0-1: Ball
Wild Pitch!
Takaaki Nishimoto to second
1-1: Swinging Strike
1-2: Foul Ball, location: 2F
1-2: Strikes out swinging
Top of the 8th over - 0 runs, 1 hit, 0 errors, 1 left on base; Kelowna 4 - Houston 5
BOTTOM OF THE 8TH
Houston Colt .45's batting - Pitching for Kelowna Heat : RHP Ricky Fo
Pitching: RHP Chance Robinson
Batting: RHB Jarno van Lente 0-0: Foul Ball, location: 2F
0-1: Called Strike
0-2: Ball
1-2: Foul Ball, location: 2F
1-2: Reached on error, E3 (Groundball, 3, EV 87.5 MPH)
Batting: LHB Bob Dietz 0-0: Ball
1-0: Swinging Strike
1-1: Ball
2-1: Called Strike
2-2: Strikes out swinging
Batting: RHB Bobby Dunn 0-0: Ball
Wild Pitch!
Jarno van Lente to second
1-0: Ball
2-0: Ball
3-0: Called Strike
3-1: Base on Balls
Batting: RHB Juan Mendoza 0-0: Called Strike
0-1: Foul Ball, location: 2F
0-2: Fly out, F8 (Flyball, 8RM, EV 83.8 MPH)
Batting: RHB Nate Britton 0-0: Called Strike
0-1: Foul Ball, location: 2F
0-2: Ball
1-2: DOUBLE (Line Drive, 9LS, EV 92.5 MPH)
Jarno van Lente scores
Bobby Dunn to third
Batting: RHB Jason Monico 0-0: Intentional Walk
Batting: RHB To-wai Chen 0-0: Fly out, F6 (Flyball, 56D, EV 83.8 MPH)
Bottom of the 8th over - 1 run, 1 hit, 1 error, 3 left on base; Kelowna 4 - Houston 6
TOP OF THE 9TH
Kelowna Heat batting - Pitching for Houston Colt .45's : RHP Tim Watson
Pitching: RHP Devin Spears
Batting: RHB Dave Putnam 0-0: Ball
1-0: Called Strike
1-1: Ball
2-1: Foul Ball, location: 2F
2-2: Ground out 6-3 (Groundball, 6, EV 103.8 MPH)
Batting: RHB Miguel Gonzalez 0-0: Ground out 4-3 (Groundball, 4S, EV 66.9 MPH)
Batting: RHB Sadataka Kuwahara 0-0: Ball
1-0: Called Strike
1-1: Swinging Strike
1-2: Ball
2-2: Ball
3-2: Base on Balls
Batting: LHB Chris West 0-0: Called Strike
0-1: Ball
1-1: Ball
2-1: SINGLE (Groundball, 4D, EV 97.5 MPH)
Sadataka Kuwahara to second
Batting: RHB Billy Pranger 0-0: Ground out 5-3 (Groundball, 5S, EV 77.5 MPH)
Top of the 9th over - 0 runs, 1 hit, 0 errors, 2 left on base; Kelowna 4 - Houston 6
Thursday, March 31st , 2022 - OOTP Baseball 22.12 Build 89